[Event "Titled Tuesday Blitz February 01 B 2022"]
[White "Lysyj, Igor"]
[Black "Ezat, Mohamed"]
[WhiteFideId "4150120"]
[BlackFideId "10600906"]
[WhiteElo "2611"]
[BlackElo "2386"]
[Result "1/2-1/2"]
[Round "08"]
[TimeControl "180+1"]
[Date "2022.02.01"]
[WhiteClock "0:01:15"]
[BlackClock "0:00:13"]

1. d4 Nf6 2. Nf3 g6 3. c4 Bg7 4. Nc3 O-O 5. e4 d6 6. Be2 e5 7. O-O Nc6 8. d5 Ne7 9. Bg5 Nd7 10. Nd2 f6 11. Be3 f5 12. f3 Nf6 13. c5 f4 14. Bf2 g5 15. Nc4 Ng6 16. Nb5 a6 17. Nbxd6 cxd6 18. Nxd6 g4 19. fxg4 f3 20. Bxf3 Nf4 21. Nf5 h5 22. Nxg7 hxg4 23. Nf5 Bxf5 24. exf5 gxf3 25. Qxf3 Qxd5 26. Qxd5+ N6xd5 27. Rfe1 Rxf5 28. Bg3 Raf8 29. Rad1 Nb4 30. Bxf4 exf4 31. a3 Nd5 32. b4 Kf7 33. Re4 Re8 34. Rxe8 Kxe8 35. Kf2 Ke7 36. Kf3 Ke6 37. Re1+ Re5 38. Re4 Kf5 39. Rxe5+ Kxe5 40. h4 Kf5 41. h5 Kg5 42. h6 Kxh6 43. Ke4 Ne3 44. Kxf4 Nc2 45. Ke5 Nxa3 46. Kd6 Nc2 47. c6 bxc6 48. Kxc6 Nxb4+ 49. Kb6 Kg5 50. Ka5 Nd3 51. Kxa6 Kg4 52. g3 Kxg3 1/2-1/2


[Site "https://www.chess.com"]

[Event "Titled Tuesday Blitz February 01 B 2022"]
[White "Manukyan, Artyom"]
[Black "Garcia Martin, Marta"]
[WhiteFideId "13305786"]
[BlackFideId "32084030"]
[WhiteElo "2034"]
[BlackElo "2102"]
[Result "0-1"]
[Round "08"]
[TimeControl "180+1"]
[Date "2022.02.01"]
[WhiteClock "0:00:05"]
[BlackClock "0:00:09"]

1. e4 b6 2. Nc3 Bb7 3. d4 e6 4. a3 Nf6 5. Bd3 d5 6. e5 Nfd7 7. Nce2 c5 8. c3 Ba6 9. f4 Bxd3 10. Qxd3 g6 11. Nf3 Be7 12. O-O Qc8 13. Be3 Qa6 14. Qd2 Nc6 15. b4 O-O 16. Rfb1 Qc4 17. Re1 a5 18. Qc2 axb4 19. Nd2 Qb5 20. cxb4 cxb4 21. a4 Nxd4 22. Nxd4 Qa6 23. N2b3 Rfc8 24. Qe2 Rc3 25. Qxa6 Rxa6 26. Bd2 Rc4 27. Rec1 Nc5 28. Nxc5 Bxc5 29. Rxc4 dxc4 30. Be3 b5 31. a5 b3 32. Kf2 b2 33. Rb1 c3 34. Nc2 Be7 35. Ke2 Rxa5 36. Kd3 b4 37. Kc4 Kf8 38. Kb3 g5 39. fxg5 Rxe5 40. Bd4 Rxg5 41. Bb6 Rxg2 42. Ba5 Rxh2 43. Bxb4 Bxb4 44. Nxb4 Rh3 45. Nc2 h5 46. Nd4 h4 47. Ne2 Rh2 48. Nxc3 h3 49. Ne4 Rg2 50. Kc3 h2 51. Nd2 Rg1 52. Rxb2 h1=Q 53. Rb8+ Ke7 54. Rb7+ Kf6 0-1


[Site "https://www.chess.com"]

[Event "Titled Tuesday Blitz February 01 B 2022"]
[White "Martinez Alcantara, Jose Eduardo"]
[Black "Van Foreest, Jorden"]
[WhiteFideId "3805662"]
[BlackFideId "1039784"]
[WhiteElo "2690"]
[BlackElo "2609"]
[Result "1-0"]
[Round "08"]
[TimeControl "180+1"]
[Date "2022.02.01"]
[WhiteClock "0:00:03"]
[BlackClock "0:00:32"]

1. e4 c6 2. d4 d5 3. e5 Bf5 4. h4 h5 5. Bd3 Bxd3 6. Qxd3 Qa5+ 7. b4 Qa6 8. e6 Qxd3 9. cxd3 Na6 10. exf7+ Kxf7 11. a3 g6 12. Nd2 Bg7 13. Ndf3 Nh6 14. Bf4 Nf5 15. Ne2 Rac8 16. Be5 Bf6 17. Ng5+ Kg7 18. Ne6+ Kf7 19. Ng5+ Ke8 20. Kd2 Nc7 21. Rae1 Kd7 22. Nf4 Rhg8 23. Bxf6 exf6 24. Nh7 Ne8 25. Rxe8 Rgxe8 26. Nxf6+ Kd6 27. Nxe8+ Rxe8 28. Nxg6 Nxd4 29. Nf4 Re5 30. Kd1 Nb5 31. Re1 Rf5 32. g3 Kd7 33. a4 Nc3+ 34. Kd2 Nxa4 35. Ra1 b5 36. Ke3 Kd6 37. f3 Re5+ 38. Kd2 Rf5 39. d4 Rf8 40. Re1 Nb6 41. Re6+ Kd7 42. Rh6 Nc4+ 43. Kc1 Re8 44. Rh7+ Kd6 45. Rh6+ Kd7 46. Rxh5 Re3 47. Rh7+ Kd6 48. h5 Rxf3 49. Rg7 Rf1+ 50. Kc2 Rf2+ 51. Kd1 Rh2 52. Rg6+ Kd7 53. h6 Ne3+ 54. Kc1 Nf5 55. Rg7+ Kd6 56. Rg6+ Kc7 57. g4 Nxh6 58. Ne6+ Kd7 59. Nc5+ Ke7 60. Re6+ Kf7 61. g5 Ng4 62. Rxc6 Ne3 63. Rc7+ Kg6 64. Rxa7 Kxg5 65. Rb7 Rc2+ 66. Kb1 Rc4 67. Rxb5 Rxd4 68. Ne6+ Kf5 69. Nxd4+ Ke4 70. Nc2 Nc4 71. Rc5 Nd2+ 72. Kb2 d4 73. Rc8 d3 74. Re8+ Kd5 75. Rd8+ Ke4 76. Rd4+ 1-0


[Site "https://www.chess.com"]

[Event "Titled Tuesday Blitz February 01 B 2022"]
[White "Mirzoev, Azer"]
[Black "Solon, Nathan"]
[WhiteFideId "13400304"]
[BlackFideId "2017229"]
[WhiteElo "2525"]
[BlackElo "2549"]
[Result "1/2-1/2"]
[Round "08"]
[TimeControl "180+1"]
[Date "2022.02.01"]
[WhiteClock "0:00:06"]
[BlackClock "0:00:03"]

1. Nf3 d5 2. c4 e6 3. b3 d4 4. Bb2 c5 5. e3 Nc6 6. exd4 cxd4 7. g3 Nf6 8. Bg2 Be7 9. O-O O-O 10. Re1 a5 11. Na3 Re8 12. Nb5 Bc5 13. a3 e5 14. d3 h6 15. h3 Bf5 16. Nh2 Qd7 17. h4 Rad8 18. Qc2 e4 19. dxe4 d3 20. Qc3 d2 21. Red1 Bxe4 22. Bxe4 Rxe4 23. Qf3 Ne5 24. Bxe5 Rxe5 25. Ra2 Rf5 26. Raxd2 Rxf3 27. Rxd7 Rxd7 28. Rxd7 Rxg3+ 29. Kf1 Rxb3 30. Rxb7 Ne4 31. Ng4 h5 32. Ne5 f6 33. Rb8+ Kh7 34. Nd7 Bxa3 35. Nxa3 Rxa3 36. Nf8+ Kg8 37. Ne6+ Kf7 38. Nf4 Nd2+ 39. Ke2 Nxc4 40. Rb7+ Ke8 41. Nxh5 Ne5 42. Nxg7+ Kd8 43. h5 Rh3 44. Ra7 Nc6 45. Ra6 Kc7 46. Ra8 Kb7 47. Rf8 a4 48. Rxf6 a3 49. Rf4 Kb6 50. Ra4 Kb5 51. Ra8 Na5 52. Rb8+ Ka4 53. Rb1 a2 54. Ra1 Ka3 55. f4 Nc4 56. Kf2 Kb2 57. Rxa2+ Kxa2 58. Kg2 Rh4 59. Kg3 Rh1 60. f5 Rg1+ 61. Kf4 Rxg7 62. f6 Rh7 63. Kg5 Ne5 64. h6 Kb3 65. Kf5 Rxh6 66. Kxe5 Kc4 67. Ke6 Kd4 68. Ke7 Ke5 69. f7 Rh7 70. Ke8 Rxf7 71. Kxf7 1/2-1/2


[Site "https://www.chess.com"]

[Event "Titled Tuesday Blitz February 01 B 2022"]
[White "Muradli, Mahammad"]
[Black "Murzin, Volodar"]
[WhiteFideId "13409301"]
[BlackFideId "44155573"]
[WhiteElo "2645"]
[BlackElo "2585"]
[Result "1-0"]
[Round "08"]
[TimeControl "180+1"]
[Date "2022.02.01"]
[WhiteClock "0:00:06"]
[BlackClock "0:00:02"]

1. Nf3 d5 2. e3 c5 3. c4 Nf6 4. b3 Nc6 5. Bb2 Bg4 6. cxd5 Nxd5 7. Bb5 Nb4 8. O-O a6 9. Be2 e6 10. d3 Bxf3 11. Bxf3 Qxd3 12. Bxc6+ bxc6 13. Na3 Qxd1 14. Rfxd1 Rd8 15. Rxd8+ Kxd8 16. Nc4 f6 17. a3 Nd5 18. Rd1 Kc7 19. e4 Nf4 20. Kf1 e5 21. Bc3 Ne6 22. Ba5+ Kc8 23. Nb6+ Kb8 24. Rd7 c4 25. Nxc4 Bc5 26. b4 Kc8 27. Rf7 Rf8 28. bxc5 Rxf7 29. Nd6+ Kd7 30. Nxf7 Nxc5 31. f3 Nb7 32. Bb6 Ke7 33. Nxe5 fxe5 34. Ke2 Kd6 35. Be3 c5 36. Kd3 Kc6 37. Kc4 Nd6+ 38. Kc3 Nb5+ 39. Kb3 Nd6 40. a4 Nc8 41. Bd2 Nb6 42. Ba5 Nc8 43. Bc3 Kd6 44. g3 g6 45. h4 Nb6 46. Bb2 Nc8 47. Ba1 Nb6 48. Bc3 Nc8 49. f4 exf4 50. gxf4 Kc6 51. Be5 Ne7 52. Kc4 Nc8 53. a5 Na7 54. f5 gxf5 55. exf5 Nb5 56. f6 Kd7 57. Kxc5 Ke6 58. Bb2 Nd6 59. Kc6 Nc4 60. Bc3 h5 61. Kb7 Nxa5+ 62. Bxa5 Kxf6 63. Kxa6 1-0


[Site "https://www.chess.com"]

[Event "Titled Tuesday Blitz February 01 B 2022"]
[White "Nazaretyan, Tigran"]
[Black "Pourkashiyan, Atousa"]
[WhiteFideId "24162345"]
[BlackFideId "12502014"]
[WhiteElo "2192"]
[BlackElo "2247"]
[Result "1-0"]
[Round "08"]
[TimeControl "180+1"]
[Date "2022.02.01"]
[WhiteClock "0:00:23"]
[BlackClock "0:00:01"]

1. d4 Nf6 2. c4 e6 3. Nf3 d5 4. Nc3 Nbd7 5. e3 Be7 6. Bd3 O-O 7. O-O dxc4 8. Bxc4 a6 9. a4 c5 10. Qe2 cxd4 11. exd4 Nb6 12. Bb3 Bd7 13. Ne5 Bc6 14. Nxc6 bxc6 15. a5 Nbd5 16. Bc4 Nb4 17. Rd1 Nfd5 18. Ne4 Nf6 19. Nc5 Bxc5 20. dxc5 Nfd5 21. Bd2 Qe7 22. Bxb4 Nxb4 23. Rd6 Qc7 24. Qd2 Nd5 25. Bxd5 exd5 26. h4 Rad8 27. Qf4 h6 28. b4 Rb8 29. Rd1 Rfe8 30. Rd3 Re4 31. Qf5 Rbxb4 32. g3 Re7 33. Kg2 Rbe4 34. Rf3 R4e6 35. Qf4 Re4 36. Qd2 R4e6 37. Qb4 g6 38. h5 Kg7 39. hxg6 Rxg6 40. Qf4 Rd7 41. Qe5+ Kh7 42. Qe8 Re7 43. Qf8 Rg8 44. Qxh6# 1-0


[Site "https://www.chess.com"]

[Event "Titled Tuesday Blitz February 01 B 2022"]
[White "Nesterov, Arseniy"]
[Black "Steinberg, Nitzan"]
[WhiteFideId "24198455"]
[BlackFideId "2801795"]
[WhiteElo "2489"]
[BlackElo "2440"]
[Result "0-1"]
[Round "08"]
[TimeControl "180+1"]
[Date "2022.02.01"]
[WhiteClock "0:00:01"]
[BlackClock "0:00:04"]

1. d4 d5 2. c4 c6 3. Nc3 Nf6 4. e3 e6 5. Nf3 Nbd7 6. Bd3 dxc4 7. Bxc4 b5 8. Bd3 Bb7 9. O-O a6 10. e4 c5 11. d5 Qc7 12. Bc2 c4 13. dxe6 fxe6 14. Ng5 Nc5 15. Be3 h6 16. Nxe6 Nxe6 17. e5 Rd8 18. Bg6+ Ke7 19. exf6+ gxf6 20. Qh5 Qe5 21. Rfe1 Qxh5 22. Bxh5 f5 23. Bf4 Bg7 24. Re2 Be4 25. Bg3 Bd3 26. Re3 Bd4 27. Bh4+ Kd7 28. Bxd8 Bxe3 29. Bf6 Rf8 30. fxe3 Rxf6 31. Rd1 Nc5 32. Nd5 Rd6 33. Nf4 Na4 34. b3 Nc3 35. Rd2 Ne4 36. Rd1 Bc2 37. Rxd6+ Kxd6 38. bxc4 bxc4 39. Kf1 c3 40. Ke1 Bb1 41. Bf3 Bxa2 42. Bxe4 fxe4 43. Ne2 c2 44. Kd2 Bc4 45. Nd4 Bd3 46. Nf5+ Kc5 47. Nxh6 a5 48. Nf5 Kb4 49. Nd4 Ka3 50. Kc1 a4 51. Nxc2+ Kb3 52. Nd4+ Kc3 53. Ne6 a3 0-1


[Site "https://www.chess.com"]

[Event "Titled Tuesday Blitz February 01 B 2022"]
[White "Niemann, Hans Moke"]
[Black "Svane, Frederik"]
[WhiteFideId "2093596"]
[BlackFideId "12923044"]
[WhiteElo "2636"]
[BlackElo "2459"]
[Result "1-0"]
[Round "08"]
[TimeControl "180+1"]
[Date "2022.02.01"]
[WhiteClock "0:00:02"]
[BlackClock "0:00:03"]

1. d4 Nf6 2. Nc3 d5 3. Bf4 g6 4. e3 Bg7 5. Nb5 Na6 6. h3 c6 7. Nc3 Nb8 8. Nf3 Nbd7 9. a4 a5 10. Bd3 O-O 11. O-O Nb6 12. Qe2 Be6 13. Rfe1 Qc8 14. e4 dxe4 15. Nxe4 Nxe4 16. Bxe4 Bd5 17. c3 Re8 18. Be5 Bh6 19. Qc2 Nc4 20. Bg3 Bg7 21. Re2 Bxe4 22. Rxe4 Qf5 23. Rae1 Bf6 24. Qe2 b5 25. Bh4 Nd6 26. Rg4 bxa4 27. Ne5 h5 28. Rg3 Bxh4 29. Rf3 Qe6 30. Qd1 Qd5 31. Qc2 Bf6 32. Nxg6 fxg6 33. Qxg6+ Kf8 34. Qh6+ Kf7 35. Qh7+ Kf8 36. Qh6+ Kf7 37. Re5 Qb3 38. Qxh5+ Kf8 39. Qh6+ Kf7 40. Qh7+ Kf8 41. Rg5 Qd1+ 42. Kh2 Qxf3 43. Rg8# 1-0


[Site "https://www.chess.com"]

[Event "Titled Tuesday Blitz February 01 B 2022"]
[White "Pakleza, Zbigniew"]
[Black "Camacho Collados, Jose"]
[WhiteFideId "1119290"]
[BlackFideId "2265427"]
[WhiteElo "2467"]
[BlackElo "2351"]
[Result "1-0"]
[Round "08"]
[TimeControl "180+1"]
[Date "2022.02.01"]
[WhiteClock "0:00:06"]
[BlackClock "0:00:02"]

1. d4 d5 2. Bf4 c5 3. c3 e6 4. e3 Qb6 5. Qb3 Qxb3 6. axb3 Nc6 7. Nd2 Nf6 8. Ngf3 Be7 9. h3 O-O 10. Be2 h6 11. O-O Bd7 12. Rfe1 Rfc8 13. Bg3 a6 14. Kf1 b5 15. dxc5 Bxc5 16. b4 Bb6 17. Nb3 Ne4 18. Bh2 f6 19. Red1 Kf7 20. Ne1 Ne5 21. Bxe5 fxe5 22. Nd3 Kf6 23. f3 Ng3+ 24. Kf2 Nf5 25. Ndc5 Be8 26. g4 Nd6 27. Nxa6 Nc4 28. Bxc4 bxc4 29. Nd2 Ra7 30. Ra3 Bb5 31. Rda1 d4 32. Ne4+ Ke7 33. Nac5 dxe3+ 34. Kxe3 Rd7 35. Ke2 Rd5 36. Ra7+ Bxa7 37. Rxa7+ Bd7 38. g5 hxg5 39. Nxg5 Rcxc5 40. bxc5 Rxc5 41. Ne4 Rb5 42. Ke3 Kd8 43. Nd6 Rxb2 44. Nf7+ Ke8 45. Nxe5 Bb5 46. Rxg7 Rb3 47. Kd4 Rb1 48. Kc5 Ba4 49. Kd6 Rb5 50. Rg8# 1-0


[Site "https://www.chess.com"]

[Event "Titled Tuesday Blitz February 01 B 2022"]
[White "Potapova, Margarita"]
[Black "Moroni, Luca Jr"]
[WhiteFideId "14126869"]
[BlackFideId "865834"]
[WhiteElo "2209"]
[BlackElo "2573"]
[Result "0-1"]
[Round "08"]
[TimeControl "180+1"]
[Date "2022.02.01"]
[WhiteClock "0:00:05"]
[BlackClock "0:00:05"]

1. e4 g6 2. d4 Bg7 3. Nc3 d6 4. Bg5 h6 5. Be3 Nf6 6. f3 c6 7. Qd2 b5 8. O-O-O Qa5 9. Kb1 b4 10. Nce2 Be6 11. Nc1 Nbd7 12. Nh3 Bxh3 13. gxh3 Nb6 14. a3 Rb8 15. Qxb4 Qxb4 16. axb4 Na4 17. Na2 Nd7 18. b3 Nab6 19. c3 O-O 20. Kc2 d5 21. Nc1 e5 22. dxe5 Nxe5 23. f4 Ned7 24. e5 Rfe8 25. Bd4 g5 26. fxg5 hxg5 27. Rg1 Nxe5 28. Rxg5 Ng6 29. Bxg7 Kxg7 30. Bd3 Nd7 31. Ne2 Re3 32. Ng3 Rf3 33. h4 Kf8 34. h5 Nge5 35. h6 Ke7 36. Nf5+ Kf6 37. h4 Nxd3 38. Rxd3 Rxf5 39. Rxf5+ Kxf5 40. Rf3+ Kg6 41. h7 Rh8 42. h5+ Kg7 43. h6+ Kg6 44. Re3 Rxh7 45. Re7 f6 46. Re8 Ne5 47. Rg8+ Kxh6 48. Kd2 Rg7 49. Rh8+ Kg6 50. Rh1 Kf5 51. Ke3 Ke6 52. Ra1 Rg3+ 53. Kd2 Rg2+ 54. Ke3 Rg7 55. Kd4 f5 56. Kc5 f4 57. b5 cxb5 58. Ra6+ Kf5 59. Kxd5 f3 60. Ra1 f2 61. Rf1 Ng4 62. c4 bxc4 63. Kd4 cxb3 64. Kc3 Rb7 65. Kb2 Kf4 66. Rd1 Kf3 67. Rd3+ Ne3 68. Ka3 f1=Q 69. Rxe3+ Kxe3 0-1


[Site "https://www.chess.com"]

[Event "Titled Tuesday Blitz February 01 B 2022"]
[White "Pranav, V"]
[Black "Wagner, Dennis"]
[WhiteFideId "25060783"]
[BlackFideId "24650684"]
[WhiteElo "2349"]
[BlackElo "2355"]
[Result "1-0"]
[Round "08"]
[TimeControl "180+1"]
[Date "2022.02.01"]
[WhiteClock "0:00:24"]
[BlackClock "0:00:03"]

1. e4 e5 2. Nf3 Nc6 3. Bb5 a6 4. Ba4 Nf6 5. O-O Be7 6. d3 d6 7. c4 O-O 8. Nc3 Bg4 9. h3 Bxf3 10. Qxf3 Nd4 11. Qd1 Nd7 12. Ne2 Nxe2+ 13. Qxe2 Nc5 14. Bd1 Bg5 15. Be3 Ne6 16. Qg4 g6 17. g3 h5 18. Qf3 Kg7 19. h4 Bh6 20. b4 a5 21. bxa5 Rxa5 22. a4 b6 23. Rb1 Bxe3 24. fxe3 f5 25. exf5 Rxf5 26. Qg2 Rxf1+ 27. Qxf1 Qf6 28. Qe2 e4 29. d4 g5 30. d5 Nc5 31. Qxh5 gxh4 32. Be2 hxg3 33. Rf1 Qg6 34. Qh4 Ra8 35. Bh5 Qh6 36. Rf4 Kh8 37. Qe7 Qxh5 38. Rh4 Qxh4 39. Qxh4+ Kg7 40. Qe7+ Kg6 41. Qxc7 Rxa4 42. Qxd6+ Kf5 43. Qf4+ Kg6 44. Qxg3+ Kf7 45. Qc7+ Kf8 46. Qxb6 Rxc4 47. Qd8+ Kf7 48. d6 Ne6 49. Qe7+ 1-0


[Site "https://www.chess.com"]

[Event "Titled Tuesday Blitz February 01 B 2022"]
[White "Ramirez, Alejandro"]
[Black "Musovic, Armin"]
[WhiteFideId "6500617"]
[BlackFideId "939935"]
[WhiteElo "2694"]
[BlackElo "2250"]
[Result "1-0"]
[Round "08"]
[TimeControl "180+1"]
[Date "2022.02.01"]
[WhiteClock "0:00:25"]
[BlackClock "0:00:03"]

1. Nf3 a6 2. c4 e6 3. e4 c5 4. d4 cxd4 5. Nxd4 Nc6 6. Nxc6 bxc6 7. Bd3 Nf6 8. O-O e5 9. Be3 h5 10. h3 Rb8 11. b3 d5 12. cxd5 cxd5 13. exd5 Nxd5 14. Bd2 Bc5 15. Nc3 Bd4 16. Rc1 Be6 17. Bxa6 g5 18. Ne4 g4 19. h4 g3 20. Bg5 f6 21. Bd2 gxf2+ 22. Nxf2 f5 23. Bg5 Qb6 24. Bc4 f4 25. Qd3 Ne7 26. Bxe6 Qxe6 27. Kh2 Rd8 28. Qc4 Qxc4 29. Rxc4 Rd7 30. Ne4 Kf7 31. g3 Ng6 32. gxf4 exf4 33. Bxf4 Kg7 34. Bg3 Re8 35. Nd6 Re2+ 36. Kh3 Re3 37. Nf5+ Kh7 38. Rxd4 Rxg3+ 39. Kxg3 Rf7 40. Rf3 Ne5 41. Rdf4 Nxf3 42. Kxf3 Ra7 43. a4 Kg6 44. Ne3 Rb7 45. b4 Rc7 46. a5 Rc3 47. Rc4 Ra3 48. Ke4 Kf6 49. Nd5+ Ke6 50. Nc3 Kd6 51. Kd4 Kd7 52. Ne4 Ra1 53. Nc5+ Kc6 54. Ne4+ Kb5 55. Rc5+ Kxb4 56. Rxh5 Rd1+ 57. Ke3 Rf1 58. Rg5 Rh1 59. h5 Rh3+ 60. Kf4 Rh1 61. Ng3 Rh4+ 62. Kf3 Rh3 63. Kg2 Rh4 64. Nf5 Rc4 65. h6 Rc2+ 66. Kh3 Rc8 67. Nd6 Rh8 68. Nf7 Rf8 69. h7 Rxf7 70. h8=Q 1-0


[Site "https://www.chess.com"]

[Event "Titled Tuesday Blitz February 01 B 2022"]
[White "Riehle, Marco"]
[Black "Atanasov, Anthony"]
[WhiteFideId "12904392"]
[BlackFideId "2623897"]
[WhiteElo "2462"]
[BlackElo "1928"]
[Result "1-0"]
[Round "08"]
[TimeControl "180+1"]
[Date "2022.02.01"]
[WhiteClock "0:01:59"]
[BlackClock "0:00:01"]

1. e4 c5 2. a3 d5 3. exd5 Qxd5 4. Nc3 Qd8 5. Nf3 Nf6 6. d4 cxd4 7. Qxd4 Qxd4 8. Nxd4 a6 9. Be2 e5 10. Nb3 Nc6 11. Be3 Bf5 12. O-O-O Be7 13. Nc5 Nd4 14. Nxb7 Nxc2 15. Nd6+ Bxd6 16. Rxd6 Nxe3 17. fxe3 a5 18. Rhd1 Ke7 19. Rb6 Rhb8 20. Rxb8 Rxb8 21. Bd3 Bxd3 22. Rxd3 Rd8 23. Kc2 Rxd3 24. Kxd3 Kd6 25. b4 axb4 26. axb4 Nd7 27. Kc4 f5 28. Na4 g5 29. b5 g4 30. g3 h5 31. b6 h4 32. gxh4 f4 33. exf4 exf4 34. Kd4 f3 35. Ke3 Kc6 36. h5 Nf6 37. h6 Kb7 38. Nc5+ Kc6 39. Ne4 Nd5+ 40. Kf2 Nf4 41. h7 Ng6 42. Nf6 Kxb6 43. Nxg4 Kc6 44. Ne5+ Kd5 1-0


[Site "https://www.chess.com"]

[Event "Titled Tuesday Blitz February 01 B 2022"]
[White "Ronka, Erik"]
[Black "Golubka, Petro"]
[WhiteFideId "505080"]
[BlackFideId "14114224"]
[WhiteElo "2264"]
[BlackElo "2392"]
[Result "1/2-1/2"]
[Round "08"]
[TimeControl "180+1"]
[Date "2022.02.01"]
[WhiteClock "0:00:08"]
[BlackClock "0:00:49"]

1. d4 g6 2. Nf3 Bg7 3. g3 d6 4. Bg2 Nf6 5. O-O O-O 6. b3 Nbd7 7. Bb2 c6 8. Re1 a5 9. a4 Ne4 10. Nbd2 f5 11. Nxe4 fxe4 12. Ng5 e3 13. f4 Nf6 14. Qd3 Ng4 15. h3 Bf5 16. Qc3 Nf6 17. Qxe3 Qd7 18. g4 Nxg4 19. hxg4 Bxg4 20. Qg3 h6 21. Nf3 Kh7 22. c4 Rf7 23. e3 Raf8 24. Nh2 Bh5 25. Rf1 b5 26. axb5 cxb5 27. Rxa5 bxc4 28. bxc4 Qc7 29. Rxh5 gxh5 30. Be4+ Kg8 31. Bd5 Qb6 32. Rf2 Kh8 33. Bxf7 Rxf7 34. Nf3 Bf6 35. Kh2 Rg7 36. Qh3 Qb3 37. e4 Qe3 38. Rg2 Qxf4+ 39. Kh1 Qxe4 40. Rxg7 Kxg7 41. Qg3+ Kf7 42. Qg2 Qd3 43. Kh2 Qxc4 44. Qf2 Ke8 45. Qd2 Qd5 46. Kg3 Qg8+ 47. Kh2 Qg4 48. Qg2 Kf7 49. Bc1 Kg6 50. Be3 Kf5 51. Qc2+ Qe4 52. Qf2 Ke6 53. Nd2 Qg4 54. Nf3 h4 55. Bxh6 h3 56. Qe2+ Kf5 57. Qf2 Kg6 58. Be3 Kh5 59. Qg3 e5 60. dxe5 Bxe5 61. Nxe5 Qxg3+ 62. Kxg3 dxe5 63. Kxh3 e4 64. Kg3 Kg6 65. Kf4 Kf7 66. Kxe4 1/2-1/2


[Site "https://www.chess.com"]

[Event "Titled Tuesday Blitz February 01 B 2022"]
[White "Sadhwani, Raunak"]
[Black "Urazayev, Arystanbek"]
[WhiteFideId "35093487"]
[BlackFideId "13709810"]
[WhiteElo "2616"]
[BlackElo "2321"]
[Result "0-1"]
[Round "08"]
[TimeControl "180+1"]
[Date "2022.02.01"]
[WhiteClock "0:00:53"]
[BlackClock "0:00:35"]

1. d4 Nf6 2. Nf3 e6 3. c4 d5 4. g3 Bb4+ 5. Bd2 Be7 6. Bg2 O-O 7. O-O c6 8. Bc3 b6 9. Nbd2 Nbd7 10. Qc2 Ba6 11. b3 Rc8 12. a4 c5 13. a5 cxd4 14. Nxd4 Bb7 15. axb6 Qxb6 16. e3 a6 17. Rfc1 Qa7 18. Qb1 dxc4 19. Bxb7 Qxb7 20. Nxc4 Nd5 21. Bd2 h6 22. Na5 Qa8 23. Nac6 Bf6 24. e4 Bxd4 25. Nxd4 N5f6 26. f3 Ne5 27. Ra5 Qa7 28. Be3 Nxf3+ 29. Kg2 Nxd4 30. Rxc8 Rxc8 31. Qd3 Qc7 0-1


[Site "https://www.chess.com"]

[Event "Titled Tuesday Blitz February 01 B 2022"]
[White "Timofeev, Artyom"]
[Black "Xiong, Jeffery"]
[WhiteFideId "4140419"]
[BlackFideId "2047640"]
[WhiteElo "2583"]
[BlackElo "2727"]
[Result "1-0"]
[Round "08"]
[TimeControl "180+1"]
[Date "2022.02.01"]
[WhiteClock "0:00:17"]
[BlackClock "0:00:01"]

1. d4 Nf6 2. Nf3 d5 3. c4 e6 4. Nc3 dxc4 5. Bg5 a6 6. a4 c5 7. e3 Nc6 8. Bxc4 cxd4 9. exd4 Be7 10. O-O O-O 11. Re1 Bd7 12. Bxf6 Bxf6 13. d5 Bxc3 14. bxc3 exd5 15. Bxd5 Qf6 16. Qb3 Rab8 17. a5 Rfd8 18. h3 h6 19. c4 Re8 20. Qb6 Rxe1+ 21. Rxe1 Qd8 22. Ne5 Be8 23. Bxc6 bxc6 24. Qxd8 Rxd8 25. Rb1 f6 26. Ng4 f5 27. Ne5 Rd4 28. Rb6 Re4 29. f4 Rxf4 30. Rb8 Re4 31. Rxe8+ Kh7 32. Re7 c5 33. Kf2 h5 34. h4 Rxh4 35. Rc7 Re4 36. Rxc5 h4 37. Nf3 Kg6 38. Rc6+ Kh5 39. Rc8 Kg4 40. c5 Rf4 1-0


[Site "https://www.chess.com"]

[Event "Titled Tuesday Blitz February 01 B 2022"]
[White "Warmerdam, Max"]
[Black "Abdrlauf, Elham"]
[WhiteFideId "1048104"]
[BlackFideId "1533533"]
[WhiteElo "2537"]
[BlackElo "2334"]
[Result "1/2-1/2"]
[Round "08"]
[TimeControl "180+1"]
[Date "2022.02.01"]
[WhiteClock "0:00:23"]
[BlackClock "0:00:05"]

1. d4 Nf6 2. c4 e6 3. g3 d5 4. Bg2 dxc4 5. Nf3 c5 6. O-O Nc6 7. dxc5 Qxd1 8. Rxd1 Bxc5 9. Nbd2 c3 10. bxc3 O-O 11. Nb3 Be7 12. c4 Bd7 13. a4 Rac8 14. Bf4 Rfd8 15. a5 Be8 16. Rxd8 Rxd8 17. h3 Ne4 18. Be3 Bf6 19. Rc1 Nc3 20. Kf1 Na2 21. Rb1 Nc3 22. Rc1 Na2 23. Rb1 h6 24. Nfd2 Nc3 25. Rc1 Na2 26. Rb1 Nc3 27. Rc1 Rc8 28. Bxc6 Bxc6 29. Bxa7 Na4 30. Bd4 e5 31. Be3 Be7 32. g4 Bb4 33. f3 h5 34. Ra1 Nc3 35. Bb6 e4 36. Bc5 Bxc5 37. Nxc5 exf3 38. exf3 Bxf3 39. Nxf3 Rxc5 40. Nd2 hxg4 41. hxg4 Re5 42. Re1 Rxa5 43. Re8+ Kh7 44. Re7 Ra1+ 45. Kf2 Ra2 46. Ke1 Ra1+ 47. Kf2 Ra2 48. Ke3 Nd1+ 49. Ke2 Nc3+ 50. Kd3 Nd1 51. Ne4 Ra3+ 52. Kd2 Ne3 53. Nd6 Nxg4 54. Rxf7 b6 55. Rb7 Ne5 56. Rxb6 Rd3+ 57. Kc2 Rh3 58. c5 Nd7 59. Rc6 Rh5 60. Nb7 Rh2+ 61. Kc3 Rh1 62. Rc7 Nxc5 63. Nxc5 Kh6 64. Kd4 g6 65. Ne4 Rd1+ 66. Ke5 Ra1 67. Rc8 Ra5+ 68. Kf4 Rf5+ 69. Kg4 Ra5 70. Rh8+ Kg7 71. Rb8 Kh6 72. Kf4 Rf5+ 73. Ke3 Ra5 74. Nf6 Kg5 75. Nd7 Kh6 76. Ke4 Kg5 77. Ne5 Ra4+ 78. Kd5 Ra5+ 79. Ke6 Ra6+ 80. Kd5 Ra5+ 81. Kd4 Ra4+ 82. Nc4 Kh6 83. Rb6 Ra1 84. Ne5 Ra4+ 85. Ke3 Ra3+ 86. Kf4 Ra4+ 87. Kg3 Ra3+ 88. Kh4 Ra4+ 89. Ng4+ Kg7 90. Rb7+ Kf8 91. Kg5 Ke8 92. Ne5 Kd8 93. Kxg6 Kc8 94. Rb3 Kc7 95. Kf6 Kd6 96. Rd3+ Kc5 97. Ke6 Ra6+ 98. Kf5 Ra1 99. Rc3+ Kd4 100. Rc4+ Kd5 101. Re4 Rf1+ 102. Rf4 Rxf4+ 103. Kxf4 1/2-1/2


[Site "https://www.chess.com"]

[Event "Titled Tuesday Blitz February 01 B 2022"]
[White "Weetik, Vjacheslav"]
[Black "Srebrnic, Marko"]
[WhiteFideId "4153472"]
[BlackFideId "14603616"]
[WhiteElo "2469"]
[BlackElo "2340"]
[Result "1-0"]
[Round "08"]
[TimeControl "180+1"]
[Date "2022.02.01"]
[WhiteClock "0:00:34"]
[BlackClock "0:00:03"]

1. d4 Nf6 2. Bf4 g6 3. Nf3 Bg7 4. e3 O-O 5. Be2 c5 6. Nbd2 b6 7. h3 Bb7 8. O-O e6 9. dxc5 bxc5 10. Bd6 Qb6 11. Nc4 Qc6 12. Na5 Qc8 13. Nxb7 Qxb7 14. Bxf8 Kxf8 15. Qd6+ Kg8 16. Qxc5 Ne4 17. Qb5 Qxb5 18. Bxb5 d5 19. c3 a6 20. Bd3 Nc5 21. Bc2 Ra7 22. Nd4 Rc7 23. Rfc1 Nbd7 24. b4 Nb7 25. Bd3 Nb8 26. f4 Nd6 27. a4 Nc4 28. Kf2 e5 29. fxe5 Nxe5 30. Be2 Bh6 31. Rc2 Re7 32. Re1 f5 33. Bf1 Nf7 34. c4 dxc4 35. Bxc4 Nd7 36. Nc6 Re8 37. Bxa6 Nd6 38. Bd3 Nf8 39. a5 Ne6 40. b5 f4 41. exf4 Bxf4 42. Rce2 Kf7 43. a6 Bg5 44. Rxe6 Rxe6 45. Rxe6 Kxe6 46. a7 1-0


[Site "https://www.chess.com"]

[Event "Titled Tuesday Blitz February 01 B 2022"]
[White "Yoo, Christopher Woojin"]
[Black "Deac, Bogdan-Daniel"]
[WhiteFideId "30909694"]
[BlackFideId "1226380"]
[WhiteElo "2105"]
[BlackElo "2646"]
[Result "0-1"]
[Round "08"]
[TimeControl "180+1"]
[Date "2022.02.01"]
[WhiteClock "0:00:01"]
[BlackClock "0:00:04"]

1. e4 c5 2. Nf3 Nc6 3. Nc3 g6 4. Bb5 Bg7 5. O-O Nh6 6. d3 O-O 7. h3 d6 8. Be3 f5 9. Qd2 Nf7 10. Bc4 Na5 11. Bxf7+ Rxf7 12. Bh6 fxe4 13. Nxe4 Rxf3 14. Bxg7 Kxg7 15. gxf3 Nc6 16. Kg2 Qf8 17. c3 Bd7 18. Qe3 Qf5 19. Rh1 Rf8 20. Ng3 Qd5 21. Qe4 Qf7 22. d4 cxd4 23. cxd4 Be6 24. Kh2 Bd5 25. Qe3 Bxf3 26. Rhg1 Bd5 27. f4 Kh8 28. Raf1 e6 29. Ne4 Qe7 30. Ng5 Rf5 31. h4 Qf6 32. Rg4 h6 33. Ne4 Qe7 34. Ng3 Rf8 35. h5 gxh5 36. Nxh5 Rf5 37. Ng3 Rf6 38. Nh5 Rf5 39. Ng3 Rf8 40. f5 Qh7 41. fxe6 Qc2+ 42. Qe2 Qxe2+ 43. Nxe2 Rxf1 44. Nf4 Rh1+ 45. Kg3 Rg1+ 46. Kh4 Rh1+ 47. Kg3 Rg1+ 48. Kh4 Rxg4+ 49. Kxg4 Bxe6+ 50. Nxe6 Kg8 51. a3 Kf7 52. d5 Ne7 53. Nc7 a6 54. Kf4 Ng6+ 55. Kf5 Ne5 56. Ne6 Ke7 57. Nd4 Nc4 58. b4 Nxa3 59. Ke4 Nc4 60. Nf5+ Kd7 61. Nxh6 Ne5 62. Nf5 Ng6 63. Nd4 Ne7 64. Ne6 Nc8 65. Nd4 b6 66. Nc6 Kc7 67. Kf5 b5 68. Ke6 Nb6 69. Nd4 Nc4 70. Nf5 a5 71. bxa5 b4 72. Nd4 Kb7 73. Kd7 Ka6 74. Nb3 Nxa5 75. Nd4 Nc4 76. Kc6 Ka5 77. Nb3+ Ka4 78. Nd4 b3 79. Ne2 Kb4 80. Nf4 b2 81. Nd3+ Kc3 82. Nxb2 Kxb2 83. Kb5 Kc3 0-1


[Site "https://www.chess.com"]